 Dungeon Crawl Stone Soup version 0.23-a0-14-g8c9a20f (webtiles) character file.

343 galech the Chopper (level 6, -4/53 HPs)
             Began as a Minotaur Fighter on Aug 2, 2018.
             Was an Initiate of Makhleb.
             Killed from afar by an orc wizard (8 damage)
             ... with a puff of flame
             ... on level 4 of the Dungeon.
             The game lasted 00:03:42 (2576 turns).

galech the Chopper (Minotaur Fighter)               Turns: 2576, Time: 00:03:42

Health: -4/53      AC: 10    Str: 21    XL:     6   Next: 31%
Magic:  5/5        EV:  5    Int:  5    God:    Makhleb [......]
Gold:   181        SH:  0    Dex: 11    Spells: 5/5 levels left

rFire    . . .     SeeInvis .   a - +0 war axe
rCold    . . .     Gourm    .   c - +0 shield
rNeg     . . .     Faith    .   j - +0 chain mail
rPois    .         Spirit   .   (helmet restricted)
rElec    .         Reflect  .   i - +0 cloak
rCorr    .         Harm     .   (no gloves)
MR       .....                  (no boots)
Stlth    ..........             (no amulet)
HPRegen  0.17/turn              (no ring)
MPRegen  0.09/turn              (no ring)

@: confused, lethally poisoned (-4 -> -5), heavily drained
A: retaliatory headbutt, horns 2
a: Renounce Religion


You were on level 4 of the Dungeon.
You worshipped Makhleb.
Makhleb was noncommittal.
You were not hungry.

You visited 1 branch of the dungeon, and saw 4 of its levels.

You collected 181 gold pieces.

Inventory:

Hand Weapons
 a - a +0 war axe (weapon)
Armour
 c - a +0 shield (worn)
 i - a +0 cloak (worn)
 j - a +0 chain mail (worn)
Scrolls
 b - 2 scrolls of enchant armour
 l - 3 scrolls of remove curse
 m - 2 scrolls of teleportation {unknown}
 q - a scroll of identify
Potions
 d - a potion of might
 e - a potion of mutation {unknown}
 g - a potion of curing {unknown}
 h - a potion of cancellation {unknown}
 k - a potion of haste {unknown}
 n - a potion of resistance {unknown}
 p - a potion of lignification {unknown}
Comestibles
 f - 6 rations
 o - 7 chunks of flesh


   Skills:
 + Level 4.4(2.3) Fighting
 + Level 5.4(3.2) Axes
 + Level 5.3(3.1) Armour
 - Level 0.8(0.0) Dodging
 + Level 4.8(2.7) Shields
 + Level 0.5(0.0) Invocations


You had 5 spell levels left.
You didn't know any spells.
Your spell library was empty.

Dungeon Overview and Level Annotations

Branches:
Dungeon (4/15)
 Temple: D:4-7

Altars:
Elyvilon
Hepliaklqana
Makhleb
Nemelex Xobeh
Zin


Innate Abilities, Weirdness & Mutations

You reflexively headbutt those who attack you in melee.
You have a pair of horns on your head.


Message History

Something hits you but does no damage.
The orc wizard hits you but does no damage.
Something hits you but does no damage.
You feel drained. The orc hits you but does no damage.
Something hits you but does no damage.
The orc wizard mumbles some strange words.
The orc wizard blinks!
You hear some strange, mumbled words.
A puff of flame appears from out of thin air!
The puff of flame hits you!
You feel sick.
The orc wizard gestures wildly while chanting.
The orc wizard blinks!
The orc barely misses you.
You closely miss the orc. You headbutt the orc, but do no damage.
The orc is almost dead.
You closely miss something. You miss something.
Something hits you but does no damage.
You hear some strange, mumbled words.
A puff of flame appears from out of thin air!
The puff of flame hits you!
You die...

.##.. .#.. ...
..# #####..#
##...#..#
##.>.{...#
#..<..@..#
#...oo...##
#...........#
.!...$.)...####.#
######...<.# ..
#.......# .
#ยง......#
#...>.....
.......##..


You could see an orc wizard and an orc.

Vanquished Creatures
  Sigmund (D:3)
  An orc wizard (D:3)
  A bullfrog skeleton (D:4)
  4 adders
  2 worms (D:3)
  2 dart slugs (D:1)
  2 leopard geckos
  4 orcs
  A ball python (D:3)
  4 giant cockroaches
  7 goblins
  10 hobgoblins
  4 jackals (D:1)
  8 bats
  8 frilled lizards
  4 kobolds
  6 rats
69 creatures vanquished.

Vanquished Creatures (others)
  An adder (D:4)
1 creature vanquished.

Grand Total: 70 creatures vanquished

Notes
Turn   | Place    | Note
-------+----------+-------------------------------------------
     0 | D:1      | galech the Minotaur Fighter began the quest for the Orb.
     0 | D:1      | Reached XP level 1. HP: 19/19 MP: 0/0
   161 | D:1      | Reached XP level 2. HP: 21/27 MP: 1/1
   693 | D:1      | Reached XP level 3. HP: 33/33 MP: 2/2
  1260 | D:2      | Found a glowing silver altar of Zin.
  1489 | D:2      | Found a hazy altar of Hepliaklqana.
  1685 | D:3      | Reached XP level 4. HP: 40/40 MP: 3/3
  1738 | D:3      | Found a sparkling altar of Nemelex Xobeh.
  2067 | D:3      | Found a burning altar of Makhleb.
  2070 | D:3      | Noticed Sigmund
  2085 | D:3      | Killed Sigmund
  2085 | D:3      | Reached skill level 5 in Axes
  2085 | D:3      | Reached skill level 5 in Armour
  2085 | D:3      | Reached XP level 5. HP: 18/46 MP: 4/4
  2085 | D:3      | Reached XP level 6. HP: 21/52 MP: 5/5
  2086 | D:3      | Found a white marble altar of Elyvilon.
  2188 | D:3      | Became a worshipper of Makhleb the Destroyer
  2576 | D:4      | Killed from afar by an orc wizard

Vault maps used:
D:1:      lightli_arrival_farm, roderic_lattice_a, minivault_25,
          minmay_misc_feat_tower
D:2:      overflow_temple_1_default, old_standard_altar
D:3:      old_standard_altar, grunt_temple_overflow_open, serial_corexii_hall,
          corexii_hall_statues_s, corexii_hall_statues_i, uniq_sigmund
D:4:      first_ration, enter_ossuary_1

Skill      XL: |  1  2  3  4 |
---------------+-------------+-----
Armour         | 4 5 |  5.3
Fighting       | 4 |  4.4
Shields        | 4 |  4.8
Axes           | 3 5 |  5.4
Dodging        | |  0.8
Invocations    | |  0.5

Action                   |  1- 3 |  4- 6 || total
-------------------------+-------+-------++-------
Melee: War axe           |   111 |    72 ||   183
       Headbutt          |     9 |    13 ||    22
  Use: Scroll            |       |     3 ||     3
  Eat: Chunk             |     3 |     3 ||     6
Armor: Scale mail        |    18 |       ||    18
       Chain mail        |    34 |    76 ||   110
Dodge: Dodged            |    28 |    32 ||    60
Block: Shield            |    54 |    35 ||    89

Table legend:
 A = Spawn XP
 B = Non-spawn XP
 C = Spawn XP percentage of total XP
 D = Spawn monster count
 E = Non-spawn monster count
 F = Spawn count percentage of total count
 G = Total turns spent on level
                    A         B        C        D         E        F      G
               +---------+---------+-------+---------+---------+-------+---------
         Total |       0 |     490 |   0.0 |       0 |      70 |   0.0 |  2576
               +---------+---------+-------+---------+---------+-------+---------
           D:1 |       0 |      52 |   0.0 |       0 |      30 |   0.0 |  1113
           D:2 |       0 |      39 |   0.0 |       0 |      10 |   0.0 |   568
           D:3 |       0 |     346 |   0.0 |       0 |      26 |   0.0 |   873
           D:4 |       0 |      53 |   0.0 |       0 |       4 |   0.0 |    22
               +---------+---------+-------+---------+---------+-------+---------
